 Dungeon Crawl Stone Soup version 0.27-a0-1555-g0e7b3fb1d2 (webtiles) character file.

Game seed: 13362176282157284366

109 Morbidden the Skirmisher (level 4, -1/51 (52) HPs)
             Began as a Demonspawn Fighter on July 14, 2021.
             Slain by Crazy Yiuf (2 damage)
             ... on level 2 of the Dungeon.
             The game lasted 00:02:23 (2488 turns).

Morbidden the Skirmisher (Demonspawn Fighter)       Turns: 2488, Time: 00:02:24

HP:   -1/51 (52)    AC:  7    Str: 17    XL:     4   Next: 59%
MP:   0/4           EV:  7    Int: 10    God:
Gold: 28            SH:  9    Dex: 12    Spells: 3/3 levels left

rFire    . . .     SeeInvis .   a - +0 long sword
rCold    . . .     Faith    .   c - +0 kite shield
rNeg     . . .     Spirit   .   b - +0 scale mail
rPois    .         Reflect  .   (no helmet)
rElec    .         Harm     .   (no cloak)
rCorr    .         Rampage  .   (no gloves)
Will     .....                  (no boots)
Stlth    ..........             (no amulet)
HPRegen  0.17/turn              (no ring)
MPRegen  0.09/turn              (no ring)

@: berserking, lightly drained, very quick
A: foul stench 1, sharp scales 1
a: no special abilities


You were on level 2 of the Dungeon.
You visited 1 branch of the dungeon, and saw 2 of its levels.

You collected 28 gold pieces.

Inventory:

Hand Weapons
 a - a +0 long sword (weapon)
Missiles
 o - 2 javelins (quivered)
Armour
 b - a +0 scale mail (worn)
 c - a +0 kite shield (worn)
Scrolls
 i - 2 scrolls of teleportation {unknown}
 j - a scroll of enchant armour {unknown}
 k - a scroll of torment {unknown}
 m - a scroll of identify {unknown}
 n - a scroll of silence {unknown}
Potions
 d - 2 potions of might
 e - a potion of invisibility {unknown}
 f - a potion of lignification {unknown}
 l - a potion of attraction {unknown}
 p - a potion of haste {unknown}


   Skills:
 * Level 3.5 Fighting
 * Level 3.1 Long Blades
 + Level 3.0 Armour
 * Level 1.0 Dodging
 + Level 0.1 Stealth
 + Level 3.1 Shields


You had 3 spell levels left.
You didn't know any spells.
Your spell library was empty.

Dungeon Overview and Level Annotations

Branches:
Dungeon (2/15)

Altars:

Shops:
D:2 [

Annotations:
D:2 Crazy Yiuf


Innate Abilities, Weirdness & Mutations

You may rarely emit foul miasma when damaged in melee.
You are partially covered in razor-sharp scales. (AC +1, Slay +1)


Message History

Crazy Yiuf hits you with a +2 quarterstaff of chaos!
You feel drained.
You closely miss Crazy Yiuf.
Crazy Yiuf is moderately wounded.
Crazy Yiuf closely misses you. You block Crazy Yiuf's attack.
Throw: throwing net
Press: ? - help, Q - select action, (/) - cycle Shift-Dir - straight line, f/p - Crazy Yiuf
Aim: Crazy Yiuf, wielding a +2 quarterstaff of chaos and wearing a +2 cloak (moderately wounded, 63% to hit)
You throw a throwing net.
The throwing net barely misses Crazy Yiuf.
Crazy Yiuf hits you with a +2 quarterstaff of chaos.
Crazy Yiuf freezes you.
Crazy Yiuf says, "Goldfish illywillydillykilly disdain!"
Crazy Yiuf opens the door.
Crazy Yiuf whimpers, "Buddy sanguine sing!"
Things that are here:
a +0 short sword; 3 stones Crazy Yiuf grits, "Spliff!
Liver ladder arga."
Crazy Yiuf screams, "Snurf!
Hack toodlewoodle hand."
A red film seems to cover your vision as you go berserk!
You feel yourself moving faster!
You feel mighty!
You slash Crazy Yiuf!
Crazy Yiuf is almost dead.
Crazy Yiuf whimpers, "Liver pizzabubble bush!"
Crazy Yiuf hits you with a +2 quarterstaff of chaos!
Crazy Yiuf burns you.
You closely miss Crazy Yiuf.
Crazy Yiuf is almost dead.
Crazy Yiuf glowers.
Crazy Yiuf hits you with a +2 quarterstaff of chaos!
* * * LOW HITPOINT WARNING * * *
You feel your power leaking away.
You barely miss Crazy Yiuf.
Crazy Yiuf is almost dead.
You block Crazy Yiuf's attack.
Unknown command.
You barely miss Crazy Yiuf.
Crazy Yiuf is almost dead.
Crazy Yiuf hits you with a +2 quarterstaff of chaos.
You die...

##†.........# #.........#
#...........# #.........# #
##...........# #.........# #
###............# #.........# #
###....########### #.........#
..#....# ##.........####
#.#..<.########## #.......).###..
#......##.......###.##.....## #..
###....##.......@g..###.#### #..
##.....##.......#####...# #..
.......##...)...# ##..### #..
.#..............###..## #..
#.....##........##..###########..
.....#........####.###...........
....(..######..........########..
♣♣....## #........### ##. .♣....#
###...####..# #.


You could see Crazy Yiuf.

Vanquished Creatures
  6 adders (D:2)
  2 worms (D:2)
  A bat zombie (D:1)
  2 endoplasms (D:1)
  A giant cockroach (D:2)
  7 goblins
  4 hobgoblins
  6 jackals (D:1)
  2 quokkas (D:1)
  4 ball pythons (D:1)
  4 bats
  2 frilled lizards (D:1)
  A giant cockroach zombie (D:1)
  2 kobolds
  5 rats
49 creatures vanquished.

Vanquished Creatures (others)
  8 fungi (D:2)
  4 plants (D:2)
12 creatures vanquished.

Grand Total: 61 creatures vanquished

Notes
Turn   | Place    | Note
-------+----------+-------------------------------------------
     0 | D:1      | Morbidden the Demonspawn Fighter began the quest for the
                  | Orb.
     0 | D:1      | Reached XP level 1. HP: 18/18 MP: 1/1
   210 | D:1      | Gained mutation: You may rarely emit foul miasma when
                  | damaged in melee. [demonic ancestry]
   210 | D:1      | Reached XP level 2. HP: 23/24 MP: 2/2
   737 | D:1      | Gained mutation: You are partially covered in razor-sharp
                  | scales. (AC +1, Slay +1) [demonic ancestry]
   737 | D:1      | Reached XP level 3. HP: 27/29 MP: 3/3
  1265 | D:2      | Found a faded altar of an unknown god.
  1275 | D:2      | Found Raruel's Armour Shop.
  1599 | D:2      | Reached XP level 4. HP: 33/35 MP: 4/4
  1695 | D:2      | Reached skill level 1 in Dodging
  1883 | D:2      | Found a runed translucent door.
  1884 | D:2      | Noticed Crazy Yiuf
  2486 | D:2      | HP: 1/51 [Crazy Yiuf (16)]
  2488 | D:2      | Slain by Crazy Yiuf

Illustrated notes

Levels and vault maps discovered:
D:1:      saegor_arrival_fortress, layout_loops_corners, nrook_mini_backslash
D:2:      layout_rooms, dreamdust_ecumenical_altar_grove, serial_shops, shop,
          uniq_crazy_yiuf_cottage

Skill      XL: |  1  2  3  4 |
---------------+-------------+-----
Long Blades    | 2 3 |  3.1
Shields        | 3 |  3.1
Dodging        | 1 |  1.0
Armour         | 3 |  3.0
Fighting       | |  3.5
Stealth        | |  0.1

Action                   |  1- 3 |  4- 6 || total
-------------------------+-------+-------++-------
Melee: Long sword        |   129 |    48 ||   177
Throw: Throwing net      |       |     2 ||     2
  Use: Potion            |     1 |     1 ||     2
Armor: Scale mail        |    91 |    19 ||   110
Dodge: Dodged            |    45 |    16 ||    61
Block: Kite shield       |    86 |    18 ||   104
       Rpst.: Long sword |    12 |     5 ||    17

Table legend: (Time is in decaauts)
 A = Elapsed time spent in this place.
 B = Non-inter-level travel time spent in this place.
 C = Inter-level travel time spent in this place.
 D = Time resting spent in this place.
 E = Time spent auto-exploring this place.
 F = Levels seen in this place.
 G = Mean time per level.
                   A        B        C        D        E       F      G
               +--------+--------+--------+--------+--------+-----+--------+
         Total |   2587 |   2570 |     17 |    335 |   1768 |   2 | 1293.5 |
       Dungeon |   2587 |   2570 |     17 |    335 |   1768 |   2 | 1293.5 |
               +--------+--------+--------+--------+--------+-----+--------+

Top non-repeatable levels by time:
     D:1: 1318 daAuts
     D:2: 1268 daAuts
